 Dungeon Crawl Stone Soup version 0.30-a0-297-g0ec75d9ef4 (webtiles) character file.

Game seed: 9884792483209862672

4 MrRokkomies the Sneak (level 1, -3/19 HPs)
             Began as an Armataur Delver on Oct 18, 2022.
             Slain by an orc
             ... wielding a +0 flail
              (9 damage)
             ... on level 3 of the Dungeon.
             The game lasted 00:00:39 (108 turns).

MrRokkomies the Sneak (Armataur Delver)              Turns: 108, Time: 00:00:40

Health: -3/19      AC:  4    Str: 17    XL:     1   Next: 50%
Magic:  1/1        EV:  9    Int: 10    God:
Gold:   0          SH:  0    Dex: 11    Spells: 0/0 levels left

rFire   . . .      SeeInvis .    a - +0 mace
rCold   . . .      Faith    .    (no shield)
rNeg    . . .      Spirit   .    b - +0 leather armour
rPois   .          Reflect  .    (no helmet)
rElec   .          Harm     .    (no cloak)
rCorr   .          Roll     +    (no gloves)
Will    .....                    (no barding)
Stlth   +++.......               (no amulet)
HPRegen 0.23/turn                (no ring)
MPRegen 0.07/turn                (no ring)

@: no status effects
A: large, rugged brown scales 3, deformed body, armoured tail, roll, long
tongue, awkward tongue
a: no special abilities


You were on level 3 of the Dungeon.
You visited 1 branch of the dungeon, and saw 3 of its levels.

Inventory:

Hand Weapons
 a - a +0 mace (weapon)
Armour
 b - a +0 leather armour (worn)
Wands
 g - a wand of digging (3)
Scrolls
 c - a scroll of fog
 d - a scroll of magic mapping
Potions
 f - a potion of haste


   Skills:
 * Level 2.8 Fighting
 - Level 1.8 Maces & Flails
 * Level 0.4 Armour
 + Level 1.4 Dodging
 - Level 5.5 Stealth


You couldn't memorise any spells.
You didn't know any spells.
Your spell library was empty.

Dungeon Overview and Level Annotations

Branches:
Dungeon (5/15)
 Temple: D:4-7

Altars:


Innate Abilities, Weirdness & Mutations

You are completely covered in rugged brown scales. (AC +3, +7% HP)
Armour fits poorly on your strangely shaped body.
You have a long armoured tail.
You roll when moving toward enemies. (Rampage)
Your long tongue fully drains potion bottles. (2x potion effects)
Your tongue gives you trouble enunciating. (1.5x scroll delay)


Message History

A rat comes into view.
Found 3 poisoned darts.
A goblin comes into view. It is wielding a +0 club.
Found 2 throwing nets.
The goblin shouts!
You hear a shout!
You sock the goblin!
You kill the goblin!
A bat comes into view.
You roll towards the rat!
Found a scroll labelled LARGHU QEODIN.
You closely miss the rat. You punch the rat.
The rat is heavily wounded.
An orc wizard comes into view. It is wielding a +0 dagger.
The rat closely misses you.
You hit the rat.
You kill the rat!
The bat misses you.
A rat comes into view.
The bat closely misses you.
An orc comes into view. It is wielding a +0 flail.
You roll towards the bat!
An orc comes into view. It is wielding a +0 dagger.
The orc shouts! x2
You hit the bat.
You kill the bat!
You roll towards the orc wizard!
The orc wizard hits you but does no damage.
You hit the orc wizard. You tail-slap the orc wizard!
The orc wizard is almost dead.
The orc wizard casts a spell at you. The puff of flame hits you!
Ouch! That really hurt!
Unknown command.
You barely miss the orc wizard.
The orc wizard is almost dead.
The orc wizard hits you with a +0 dagger.
The rat bites you but does no damage. The orc hits you with a +0 flail.
You hit the orc.
The orc is almost dead.
The orc hits you with a +0 flail!
You die...

.....##.##..#......>#
#....$.#...#.......#
#..#.!...########.#
#..#..##.# #.#
##....##.# #.#
#..#.)...# #.#
....#......#### #.#
#.# #.........# #.# #
#.o@r..##.# #.(o...#
. #..o...# #......#
#.....?# #......#
.......# ##......#


You could see an orc wizard, 2 orcs and a rat.

Vanquished Creatures
  2 goblins
  A bat (D:3)
  A rat (D:3)
4 creatures vanquished.

Notes
Turn   | Place    | Note
-------+----------+-------------------------------------------
     0 | D:5      | MrRokkomies the Armataur Delver began the quest for the
                  | Orb.
     0 | D:5      | Reached XP level 1. HP: 19/19 MP: 1/1
     1 | D:5      | Noticed a jelly
   102 | D:3      | Noticed an orc wizard
   108 | D:3      | Slain by an orc

Illustrated notes

Levels and vault maps discovered:
D:3:      layout_rooms
D:4:      layout_cave_pods, serial_shops, nicolae_diamond_shop
D:5:      layout_gridville, kennysheep_mini_moat, lightli_sewer_entry_pipes,
          serial_shops, shop_scrolls, eino_small_chamber_without_monster

Action                   || total
-------------------------++-------
Melee: Mace              ||     8
       Tailslap          ||     1
       Punch             ||     1
  Use: Scroll            ||     1
Armor: Leather armour    ||     2
Dodge: Dodged            ||     3

Table legend: (Time is in decaauts)
 A = Elapsed time spent in this place.
 B = Non-inter-level travel time spent in this place.
 C = Inter-level travel time spent in this place.
 D = Time resting spent in this place.
 E = Time spent auto-exploring this place.
 F = Levels seen in this place.
 G = Mean time per level.
                   A        B        C        D        E       F      G
               +--------+--------+--------+--------+--------+-----+--------+
         Total |    110 |    110 |      0 |      0 |     65 |   3 |   36.7 |
       Dungeon |    110 |    110 |      0 |      0 |     65 |   3 |   36.7 |
               +--------+--------+--------+--------+--------+-----+--------+

Top non-repeatable levels by time:
     D:4: 76 daAuts
     D:3: 25 daAuts
     D:5: 8 daAuts
